Map: Backwater LE

Players

SCAnalysT

  • Race: Terran Terran
  • Spawn Location: 5:00

A.I. 1 (Very Easy) - Winner!

  • Race: Protoss Protoss
  • Spawn Location: 11:00

VOD

https://www.youtube.com/watch?v=-wI4a9PvDIA&t=18s

Description

This replay and VOD showcases what type of intuitive decisions a Terran must make when executing this build order properly.

Time

  • Played on: April 17, 2018, 4:39 p.m.
  • Length: 5:26
Show
View Real Time Build Order
Export as new Build Order

SCAnalysT Terran 

Build Orders: Reaper Expand 

Get SALT Encoding   

  12  0:01  SCV  
  13  0:13  SCV  
  14  0:18  Supply Depot  
  14  0:26  SCV  
  15  0:29  Refinery  
  15  0:39  SCV  
  16  0:45  Barracks  
  16  0:51  SCV  
  17  1:03  SCV  
  18  1:15  SCV  
  19  1:32  Reaper  
  21  1:33  Orbital Command  
  20  1:44  Command Center  
  20  1:54  Factory  
  20  1:58  SCV  
  21  2:06  Barracks Reactor  
  21  2:11  SCV  
  21  2:15  Supply Depot  
  22  2:23  SCV  
  23  2:37  SCV  
  24  2:39  Barracks  
  24  2:46  Hellion x2  
  24  2:47  Barracks Tech Lab  
  24  2:49  SCV  
  29  2:57  Orbital Command  
  29  3:01  SCV  
  30  3:08  Hellion x2  
  30  3:10  Stimpack  
  34  3:13  SCV, Marine  
  36  3:21  Supply Depot  
  36  3:23  SCV  
  36  3:25  SCV  
  38  3:29  Barracks  
  38  3:35  SCV  
  38  3:36  Refinery  
  38  3:40  SCV  
  40  3:41  Marine  
  40  3:42  Marine x2  
  40  3:45  Factory Reactor  
  43  3:50  Engineering Bay  
  43  3:54  SCV x2  
  45  3:59  Marine  
  45  4:00  Marine x2  
  48  4:06  SCV  
  48  4:07  SCV  
  50  4:18  SCV, Starport, Marine x2  
  50  4:19  SCV  
  54  4:27  Supply Depot x2, Factory Reactor  
  54  4:32  Marine x3  
  54  4:34  SCV x2  
  59  4:39  Marine x2  
  61  4:46  SCV  
  61  4:48  SCV  
  61  4:49  Marine  
  61  4:52  Supply Depot  
  64  4:53  Refinery  
  64  4:54  Marine  
  64  4:58  SCV  
  66  5:01  SCV  
  67  5:10  SCV  
  67  5:13  SCV  
Show
View Real Time Build Order
Export as new Build Order

A.I. 1 (Very Easy) Protoss - Winner!

Build Orders: Nexus First 

Get SALT Encoding   

  12  0:00  Probe  
  13  0:13  Probe  
  14  0:19  Pylon  
  14  0:49  Nexus  
  14  0:57  Assimilator  
  14  1:09  Gateway  
  14  1:14  Assimilator  
  14  1:22  Probe, Pylon  
  14  1:31  Probe  
  15  1:39  Probe  
  17  1:54  Probe  
  17  2:00  Cybernetics Core  
  18  2:02  Probe  
  19  2:11  Probe  
  20  2:34  Pylon  
  20  2:38  Stargate  
  20  2:54  Probe  
  20  2:58  Probe  
  22  3:11  Void Ray  
  22  3:13  Robotics Facility  
  26  3:52  Warp Prism  
Tags
 
Add a new tag
Caveats
  • Supply blocks, unpowered buildings, or Contaminate may cause inaccurate times.
  • Supply counts are checked every 10 seconds.